 Dungeon Crawl Stone Soup version 0.22-a0-447-gee5f723 (webtiles) character file.

38662 nikopol the Eclecticist (level 13, -6/68 HPs)
             Began as a Deep Elf Fire Elementalist on June 3, 2018.
             Was a High Priest of Vehumet.
             Mangled by an alligator (9 damage)
             ... on level 6 of the Lair of Beasts.
             The game lasted 01:12:18 (19439 turns).

nikopol the Eclecticist (DEFE)                     Turns: 19439, Time: 01:12:19

Health: -6/68      AC:  7    Str:  5    XL:     13   Next: 65%
Magic:  13/36      EV: 15    Int: 29    God:    Vehumet [*****.]
Gold:   840        SH:  5    Dex: 15    Spells: 27/46 levels left

rFire    . . .     SeeInvis .   w - staff of energy
rCold    . . .     Gourm    .   B - +0 buckler
rNeg     + . .     Faith    .   m - +1 robe {MR+}
rPois    .         Spirit   .   d - +0 helmet {Int+3}
rElec    .         Reflect  .   (no cloak)
rCorr    .         Harm     .   v - +1 pair of gloves
MR       ++...                  k - +0 pair of boots
Stlth    ++++......             r - amulet of magic regeneration
HPRegen  0.21/turn              j - ring of stealth
MPRegen  0.50/turn              G - ring of positive energy

@: very slightly contaminated
A: no striking features
a: Renounce Religion


You were on level 6 of the Lair of Beasts.
You worshipped Vehumet.
Vehumet was extremely pleased with you.
You were near starving.

You visited 3 branches of the dungeon, and saw 18 of its levels.
You also visited: Sewer.

You collected 1050 gold pieces.
You spent 210 gold pieces at shops.

Inventory:

Hand Weapons
 b - the +9 flail of the Penguin {crush, +Blink}
   (You found it on level 7 of the Dungeon)

   It inflicts extra damage upon your enemies.
   It lets you blink.
Armour
 d - a +0 helmet of intelligence (worn)
 k - a +0 pair of boots (worn)
 m - a +1 robe of magic resistance (worn)
 v - a +1 pair of gloves (worn)
 B - a +0 buckler (worn)
Magical Staves
 w - an uncursed staff of energy (weapon)
 K - an uncursed staff of earth
Jewellery
 j - a ring of stealth (left hand)
 r - an amulet of magic regeneration (around neck)
 A - an uncursed ring of flight
 G - a ring of positive energy (right hand)
Wands
 a - a wand of paralysis (9)
 o - a wand of digging (33)
 y - a wand of polymorph (6)
 I - a wand of flame (28)
 J - a wand of disintegration (16)
Scrolls
 f - 8 scrolls of teleportation
 l - 4 scrolls of identify
 s - 3 scrolls of remove curse
 t - 2 scrolls of magic mapping
 C - 4 scrolls of amnesia
 E - 2 scrolls of fear
 F - a scroll of blinking
 H - a scroll of enchant armour {unknown}
Potions
 e - 8 potions of curing
 g - 4 potions of might
 h - 4 potions of heal wounds
 i - a potion of ambrosia
 n - 2 potions of berserk rage
 p - 3 potions of agility
 q - 3 potions of lignification
 u - 2 potions of brilliance
 x - 2 potions of haste
 z - a potion of flight
 D - 3 potions of invisibility
Comestibles
 c - 23 rations


   Skills:
 + Level 2.3 Fighting
 - Level 1.0 Maces & Flails
 + Level 5.7 Dodging
 + Level 5.4 Stealth
 + Level 4.0 Shields
 + Level 17.4 Spellcasting
 + Level 12.7 Conjurations
 + Level 13.8 Fire Magic


You had 27 spell levels left.
You knew the following spells:

 Your Spells              Type           Power        Failure   Level  Hunger
a - Flame Tongue          Conj/Fire      #####        0%          1    None
b - Throw Flame           Conj/Fire      ######       0%          2    None
c - Conjure Flame         Conj/Fire      #######.     0%          3    None
d - Sticky Flame          Conj/Fire      #######.     1%          4    None
e - Fireball              Conj/Fire      #######...   1%          5    None
f - Force Lance           Conj/Tloc      ######..     1%          4    None

Your spell library contained the following spells:

 Spells                   Type           Power        Failure   Level  Hunger
 Summon Small Mammal      Summ           ####         1%          1    None
 Summon Ice Beast         Ice/Summ       ####....     17%         4    None
 Call Imp                 Summ           ####....     2%          2    None
 Call Canine Familiar     Summ           ####....     5%          3    None
 Inner Flame              Hex/Fire       ######..     1%          3    None
 Summon Lightning Spire   Summ/Air       ####....     17%         4    None
 Summon Guardian Golem    Hex/Summ       ####....     5%          3    None


Dungeon Overview and Level Annotations

Branches:
Dungeon (11/15)            Temple (1/1) D:6            Lair (6/6) D:9
  Swamp (0/4) Lair:4        Snake (0/4) Lair:4        Slime (0/5) Lair:5
    Orc (0/2) D:9

Altars:
Ashenzari
Cheibriados
Dithmenos
Elyvilon
Fedhas
Gozag
Hepliaklqana
Kikubaaqudgha
Makhleb
Nemelex Xobeh
Okawaru
Qazlal
Ru
Sif Muna
Trog
Uskayaw
Vehumet
Wu Jian
Xom
Yredelemnul
Zin
The Shining One

Shops:
D:6 :[!

Annotations:
D:7 Gorglomux's ghost, novice DDFi


Message History

Casting: Sticky Flame (safe; 1% risk of failure)
Confirm with . or Enter, or press ? or * to list all spells.
Aiming: Force Lance (safe; 1% risk of failure)
Press: ? - help, Shift-Dir - straight line, f/p - alligator
Aim: an alligator (almost dead, covered in liquid flames, covering ground quickly)
You miscast Force Lance.
You are very lightly contaminated with residual magic.
You feel a wrenching sensation.
The alligator burns!
The alligator bites you!! The alligator tail-slaps you!
The alligator bites you!!
* * * LOW HITPOINT WARNING * * *
The alligator tail-slaps you!
* * * LOW HITPOINT WARNING * * *
Casting: Force Lance (safe; 1% risk of failure)
Confirm with . or Enter, or press ? or * to list all spells.
Aiming: Force Lance (safe; 1% risk of failure)
Press: ? - help, Shift-Dir - straight line, f/p - alligator
Aim: an alligator (almost dead, covered in liquid flames, covering ground quickly)
The lance of force misses the alligator.
The alligator burns!
The alligator bites you!
You die...

#.....♣♣...♣.♣♣P..#
##.....♣♣♣....♣.♣...
#......♣♣P♣...♣.♣♣..
#.......♣♣♣...♣P♣♣..
##........♣P....♣♣♣.. ######
##.....#..♣♣♣♣....♣♣.. ##
##....###......##...PP♣♣...♣..
.###..............##...♣♣♣P♣..PP.
................@t....# ♣♣.♣...P
..................#..#'# ♣P♣♣♣...
....................##?##♣≈≈♣P...
...÷..............♣.♣ ##♣≈≈P♣♣♣.P
...................♣♣♣#♣≈≈♣♣♣♣.♣.
...................♣.♣♣≈≈≈♣♣♣..#.
.........................♣......#
................................÷
.................................


You could see an alligator (burning).

Vanquished Creatures
  6 hydras
  3 two-headed ogres
  6 death yaks
  Pikel (D:6)
  A lindwurm (Lair:6)
  A manticore (D:9)
  6 black mambas
  A torpor snail (Lair:4)
  8 spiny frogs
  3 rime drakes
  3 komodo dragons (Lair:6)
  2 polar bears
  Grinder (D:3)
  27 blink frogs
  2 dream sheep (Lair:4)
  4 hippogriffs
  A spriggan (D:7)
  2 wyverns
  29 yaks
  A basilisk (Lair:6)
  3 vampire mosquitoes (Lair:4)
  Menkaure (D:7)
  4 hell hounds (Lair:6)
  2 nagas (Lair:4)
  12 water moccasins
  7 porcupines
  2 ice beasts (D:9)
  A sky beast (D:8)
  A slave (D:6)
  A necrophage (D:9)
  2 orc warriors
  5 black bears
  4 phantoms
  6 wolves (Lair:3)
  2 centaurs
  14 crocodiles
  The ghost of ArgaWasAlreadyTaken the Shield-Bearer, an amateur GrFi (D:4)
  5 big kobolds
  16 bullfrogs
  A water moccasin zombie (D:9)
  A wyvern skeleton (D:9)
  2 scorpions
  A water moccasin skeleton (D:6)
  12 killer bees
  4 electric eels (Lair:3)
  2 crimson imps (D:9)
  2 bullfrog zombies
  A centaur zombie (D:6)
  18 jellies
  3 hounds
  A bullfrog skeleton (D:8)
  5 orc priests
  A centaur skeleton (D:8)
  3 iguanas
  6 orc wizards
  8 worker ants
  A worker ant zombie (D:9)
  A howler monkey zombie (D:8)
  4 gnolls (D:5)
  13 adders
  A river rat (Sewer)
  A shadow imp (D:8)
  17 oozes
  An adder skeleton (D:6)
  6 worms
  A dart slug (D:2)
  3 leopard geckos
  23 orcs
  5 bats
  4 giant cockroaches
  3 goblins
  7 hobgoblins
  3 quokkas
  6 ball pythons
  4 frilled lizards
  A jackal skeleton (D:8)
  14 kobolds
  8 rats
  2 plants (Lair:6)
397 creatures vanquished.

Vanquished Creatures (others)
  A hungry ghost (D:7)
  2 slaves (D:7)
  A crimson imp (D:7)
  A hound (D:7)
  An adder (D:7)
  59 fungi
  57 plants
  7 toadstools (D:2)
129 creatures vanquished.

Grand Total: 526 creatures vanquished

Notes
Turn   | Place    | Note
-------+----------+-------------------------------------------
     0 | D:1      | nikopol the Deep Elf Fire Elementalist began the quest for the Orb.
     0 | D:1      | Reached XP level 1. HP: 10/10 MP: 6/6
   376 | D:1      | Reached XP level 2. HP: 15/15 MP: 5/8
   931 | D:2      | Reached XP level 3. HP: 19/19 MP: 6/10
   938 | D:2      | Learned a level 2 spell: Throw Flame
   942 | D:2      | Learned a level 3 spell: Conjure Flame
  1433 | D:2      | Reached XP level 4. HP: 24/24 MP: 7/11
  1541 | D:2      | Reached skill level 4 in Spellcasting
  1772 | D:2      | Reached XP level 5. HP: 28/28 MP: 7/13
  2092 | D:3      | Found a glowing drain.
  2105 | Sewer    | Entered a sewer
  2160 | Sewer    | Reached skill level 5 in Spellcasting
  2160 | Sewer    | Reached skill level 5 in Fire Magic
  2247 | Sewer    | Reached XP level 6. HP: 32/32 MP: 12/15
  2908 | Sewer    | Reached skill level 6 in Spellcasting
  2908 | Sewer    | Reached XP level 7. HP: 36/36 MP: 9/18
  3123 | D:3      | Learned a level 4 spell: Sticky Flame
  3129 | D:3      | Learned a level 5 spell: Fireball
  3258 | D:3      | Found an iron altar of Okawaru.
  3263 | D:3      | Noticed Grinder
  3268 | D:3      | Killed Grinder
  3915 | D:4      | Reached skill level 7 in Spellcasting
  4066 | D:4      | Noticed ArgaWasAlreadyTaken's ghost (amateur GrFi)
  4085 | D:4      | Reached skill level 5 in Conjurations
  4269 | D:4      | Found a bloodstained altar of Trog.
  4343 | D:4      | Killed ArgaWasAlreadyTaken's ghost
  4778 | D:5      | Entered Level 5 of the Dungeon
  4826 | D:5      | Reached XP level 8. HP: 28/41 MP: 6/21
  5269 | D:5      | Found a basalt altar of Yredelemnul.
  5376 | D:5      | Reached skill level 8 in Spellcasting
  5788 | D:6      | Found Goginik's Distillery.
  6170 | D:6      | Found a staircase to the Ecumenical Temple.
  6215 | Temple   | Entered the Ecumenical Temple
  6273 | Temple   | Became a worshipper of Vehumet
  6335 | D:6      | Found Joycieh's Book Emporium.
  6472 | D:6      | Reached skill level 9 in Spellcasting
  6662 | D:6      | Found Ucoro's Antique Armour Shoppe.
  7035 | D:7      | Reached XP level 9. HP: 46/46 MP: 20/24
  7064 | D:7      | Noticed Menkaure
  7067 | D:7      | Noticed a two-headed ogre
  7068 | D:7      | Killed Menkaure
  7192 | D:6      | Bought a pair of embroidered gloves for 210 gold pieces
  7257 | D:7      | Noticed Gorglomux's ghost (novice DDFi)
  7358 | D:7      | Reached skill level 10 in Spellcasting
  7362 | D:7      | Noticed Pikel
  7502 | D:6      | Killed a two-headed ogre
  7502 | D:6      | Reached skill level 1 in Fighting
  7509 | D:6      | Reached * piety under Vehumet
  7509 | D:6      | Offered knowledge of Sting by Vehumet.
  7771 | D:6      | Killed Pikel
  7771 | D:6      | Reached skill level 5 in Stealth
  7771 | D:6      | Reached skill level 11 in Spellcasting
  8479 | D:7      | Got a twisted flail
  8480 | D:7      | Identified the +9 flail of the Penguin {crush, +Blink} (You found it on level 7 of the Dungeon)
  8573 | D:8      | Found an ancient bone altar of Kikubaaqudgha.
  8576 | D:8      | Reached XP level 10. HP: 52/52 MP: 15/27
  8949 | D:8      | Found a basalt altar of Yredelemnul.
  9034 | D:8      | Noticed a two-headed ogre
  9047 | D:8      | Killed a two-headed ogre
  9175 | D:8      | Offered knowledge of Shock by Vehumet.
  9271 | D:8      | Reached skill level 12 in Spellcasting
  9395 | D:8      | Reached ** piety under Vehumet
  9597 | D:8      | You fall through a shaft for 3 floors!
  9597 | D:11     | Noticed a death knight
  9597 | D:11     | Noticed a cyan ugly thing
  9597 | D:11     | Noticed a red ugly thing
  9598 | D:11     | Noticed a death knight
  9600 | D:11     | Noticed a five-headed hydra
  9646 | D:11     | Noticed a two-headed ogre
  9811 | D:11     | Killed a two-headed ogre
  9811 | D:11     | Reached skill level 10 in Fire Magic
 10044 | D:11     | Noticed a gargoyle
 10049 | D:10     | Entered Level 10 of the Dungeon
 10288 | D:9      | Noticed a manticore
 10292 | D:9      | Killed a manticore
 10292 | D:9      | Reached skill level 13 in Spellcasting
 10385 | D:9      | Found an opulent altar of Gozag.
 10537 | D:9      | Reached XP level 11. HP: 57/57 MP: 24/30
 10599 | D:9      | Found a blossoming altar of Fedhas.
 10914 | D:9      | Reached skill level 1 in Maces & Flails
 10943 | D:9      | Offered knowledge of Searing Ray by Vehumet.
 11180 | D:9      | Reached *** piety under Vehumet
 11462 | D:9      | Found a staircase to the Orcish Mines.
 11476 | D:9      | Found a staircase to the Lair.
 11542 | Lair:1   | Entered Level 1 of the Lair of Beasts
 11549 | Lair:1   | Noticed a six-headed hydra
 11553 | Lair:1   | Killed a six-headed hydra
 11553 | Lair:1   | Reached skill level 10 in Conjurations
 12393 | Lair:2   | Reached skill level 14 in Spellcasting
 12393 | Lair:2   | Noticed an eight-headed hydra
 12397 | Lair:2   | Killed an eight-headed hydra
 12397 | Lair:2   | Reached skill level 5 in Dodging
 13489 | Lair:3   | Reached XP level 12. HP: 61/62 MP: 16/32
 13496 | Lair:3   | Offered knowledge of Ignite Poison by Vehumet.
 13524 | Lair:3   | Noticed a death yak
 13590 | Lair:3   | Noticed a death yak
 13591 | Lair:3   | Noticed a death yak
 13593 | Lair:3   | Noticed a death yak
 13594 | Lair:3   | Noticed a death yak
 13596 | Lair:3   | Killed a death yak
 13596 | Lair:3   | Reached skill level 1 in Shields
 13598 | Lair:3   | Noticed a death yak
 13599 | Lair:3   | Killed a death yak
 13610 | Lair:2   | Killed a death yak
 13688 | Lair:3   | Reached skill level 15 in Spellcasting
 13854 | Lair:3   | Reached **** piety under Vehumet
 14616 | Lair:3   | Noticed a four-headed hydra
 14620 | Lair:3   | Killed a four-headed hydra
 14796 | Lair:3   | Killed a death yak
 14796 | Lair:3   | Offered knowledge of Bolt of Draining by Vehumet.
 14820 | Lair:3   | Killed a death yak
 15519 | Lair:4   | Noticed a four-headed hydra
 15523 | Lair:4   | Killed a four-headed hydra
 15523 | Lair:4   | Reached skill level 16 in Spellcasting
 16035 | Lair:4   | Reached XP level 13. HP: 67/67 MP: 28/35
 16191 | Lair:4   | Found a staircase to the Snake Pit.
 16394 | Lair:4   | Found a staircase to the Swamp.
 16876 | Lair:5   | Found a staircase to the Slime Pits.
 17309 | Lair:5   | Reached ***** piety under Vehumet
 17312 | Lair:5   | Offered knowledge of Force Lance by Vehumet.
 17318 | Lair:5   | Learned a level 4 spell: Force Lance
 17861 | Lair:6   | Entered Level 6 of the Lair of Beasts
 18171 | Lair:6   | Reached skill level 17 in Spellcasting
 19438 | Lair:6   | HP: 3/68 [alligator (10)]
 19439 | Lair:6   | Mangled by an alligator

Vault maps used:
D:1:      eino_arrival_cavern_a, st_stairs_13
D:2:      cheibrodos_fertilizer
D:3:      nicolae_overflow_crystal_walls, cheibrodos_sewer_entry_bend,
          serial_park_tiny_pond, uniq_grinder
D:4:      marbit_many_paths
D:5:      lemuel_crystal_altar, first_ration, corexii_corridor_pit
D:6:      minmay_temple_entry_trees, serial_shops, shop_fountains, shop, shop,
          st_stairs_8
D:7:      the_bakery, uniq_menkaure, uniq_pikel
D:8:      overflow_temple_1_default, basic_altar
D:9:      old_standard_altar, nicolae_gozag_seed_capital,
          due_lair_maze_entry_diamond, orc_0_dummy
D:11:     minmay_tearing_corner
Temple:   compressed_dpeg_circular_temple
Lair:1:   nicolae_volcano_entry_vermiform, minivault_25, st_stairs_8,
          lemuel_fruit_tree
Lair:2:   grunt_megastairs_2
Lair:3:   disabler_island
Lair:4:   minmay_swamp_entry_swarm, guppyfry_snake_entry_garden
Lair:5:   minmay_slime_entry_jelly_boxes, serial_bayou_shore_a
Lair:6:   cheibrodos_lair_end_hotspot, wad_woods_road_05
Sewer:    sewer_co_tree

Skill      XL: |  1  2  3  4  5  6  7  8  9 10 11 12 13 |
---------------+----------------------------------------+-----
Fire Magic     | 4 5 6 7 8 10 11 12 13 | 13.8
Dodging        | 3 4 5 |  5.7
Stealth        | 3 4 5 |  5.4
Spellcasting   | 4 5 6 7 9 11 13 14 16 17 | 17.4
Conjurations   | 2 3 4 5 6 8 9 11 12 | 12.7
Fighting       | 1 2 |  2.3
Maces & Flails | 1 |  1.0
Shields        | 4 |  4.0

Action                   |  1- 3 |  4- 6 |  7- 9 | 10-12 | 13-15 || total
-------------------------+-------+-------+-------+-------+-------++-------
Melee: Unarmed           |     1 |       |       |       |       ||     1
       Dagger            |       |       |    10 |       |       ||    10
       Flail             |       |       |       |    24 |       ||    24
       Staff             |       |       |       |     1 |       ||     1
 Cast: Flame Tongue      |    57 |    45 |   172 |   315 |    90 ||   679
       Conjure Flame     |       |     3 |     2 |    10 |       ||    15
       Throw Flame       |       |    26 |    21 |    47 |     5 ||    99
       Sticky Flame      |       |       |    29 |    74 |    26 ||   129
       Fireball          |       |       |    16 |    68 |    58 ||   142
       Force Lance       |       |       |       |       |    12 ||    12
  Use: Scroll            |       |     3 |    11 |    18 |     1 ||    33
       Potion            |       |       |       |     1 |       ||     1
  Eat: Chunk             |     1 |     4 |    14 |    11 |     8 ||    38
       Ration            |       |       |     2 |     4 |       ||     6
Armor: Robe              |     6 |     2 |    12 |    24 |     5 ||    49
Dodge: Dodged            |     7 |     3 |    67 |    96 |    21 ||   194
Block: Buckler           |       |       |       |    10 |     4 ||    14

Table legend:
 A = Spawn XP
 B = Non-spawn XP
 C = Spawn XP percentage of total XP
 D = Spawn monster count
 E = Non-spawn monster count
 F = Spawn count percentage of total count
 G = Total turns spent on level
                    A         B        C        D         E        F      G
               +---------+---------+-------+---------+---------+-------+---------
         Total |       0 |   55232 |   0.0 |       0 |     395 |   0.0 | 19439
               +---------+---------+-------+---------+---------+-------+---------
           D:1 |       0 |      16 |   0.0 |       0 |      10 |   0.0 |   817
           D:2 |       0 |     242 |   0.0 |       0 |      42 |   0.0 |  1246
           D:3 |       0 |     346 |   0.0 |       0 |       9 |   0.0 |   884
           D:4 |       0 |     284 |   0.0 |       0 |      12 |   0.0 |   908
           D:5 |       0 |     509 |   0.0 |       0 |      15 |   0.0 |   991
           D:6 |       0 |    2416 |   0.0 |       0 |      28 |   0.0 |  1966
           D:7 |       0 |    1171 |   0.0 |       0 |      18 |   0.0 |   701
           D:8 |       0 |    2114 |   0.0 |       0 |      27 |   0.0 |  1355
           D:9 |       0 |    4262 |   0.0 |       0 |      36 |   0.0 |  1084
          D:10 |       0 |     433 |   0.0 |       0 |       4 |   0.0 |   128
          D:11 |       0 |    1938 |   0.0 |       0 |       6 |   0.0 |   452
        Lair:1 |       0 |    2970 |   0.0 |       0 |      13 |   0.0 |   725
        Lair:2 |       0 |    4751 |   0.0 |       0 |      16 |   0.0 |  1336
        Lair:3 |       0 |    9964 |   0.0 |       0 |      35 |   0.0 |  1603
        Lair:4 |       0 |    8484 |   0.0 |       0 |      31 |   0.0 |  1559
        Lair:5 |       0 |    4247 |   0.0 |       0 |      29 |   0.0 |  1096
        Lair:6 |       0 |   10550 |   0.0 |       0 |      36 |   0.0 |  1578
         Sewer |       0 |     535 |   0.0 |       0 |      28 |   0.0 |   923
               +---------+---------+-------+---------+---------+-------+---------
